 Dungeon Sprint DCSS version 0.19.1 (webtiles) character file.

788 Groucho the Unseen (level 7, 0/33 (36) HPs)
             Began as a Felid Transmuter on Dec 17, 2016.
             Was a Priest of Okawaru.
             Engulfed by a cloud of foul pestilence (9 damage)
             ... in the Dungeon (Sprint III: "The Ten Rune Challenge").
             The game lasted 00:06:04 (1691 turns).

Groucho the Unseen (Felid Transmuter)               Turns: 1691, Time: 00:06:04

HP:   0/33 (36)     AC:  4    Str:  7    XL:     7   Next: 56%
MP:   12/12         EV: 24    Int: 15    God:    Okawaru [***...]
Gold: 25            SH:  0    Dex: 20    Spells: 2 memorised, 10 levels left
                                        Lives: 0   Deaths: 2

rFire  + . .     SeeInvis +       - Unarmed
rCold  . . .     Gourm    .     (armour unavailable)
rNeg   . . .     Faith    .     (shield unavailable)
rPois  .         Spirit   .     (helmet unavailable)
rElec  .         Reflect  .     (cloak unavailable)
rCorr  .         Harm     .     (gloves unavailable)
MR     +....     NoTele   +     (boots unavailable)
Stlth  ++++++++..               (no amulet)
                                (no ring)
                                (no ring)

@: lethally poisoned (0 -> -95), non-regenerating, badly diseased, slowed, slow
A: no armour, no weapons or thrown items, stealth, claws 1, fangs 3, horns 1,
yellow scales 1, see invisible, agile 1, carnivore 3, fire resistance 1, speed
1, robust 1, shaggy fur 2, slow metabolism 1, sharp paws
a: Heroism, Renounce Religion


You were in the Dungeon.
You worshipped Okawaru.
Okawaru was most pleased with you.
You were not hungry.

You visited 1 branch You collected 25 gold pieces.

Inventory:

Missiles
 a - 12 arrows
Scrolls
 e - a scroll of holy word {unknown}
 f - a scroll of magic mapping {unknown}
 h - a scroll of enchant armour {unknown}
 i - a scroll of blinking
 l - a scroll of torment {unknown}
 m - a scroll of enchant weapon {unknown}
 n - 11 scrolls of identify
Potions
 d - a potion of berserk rage
 g - 2 potions of magic
 j - 4 potions of cure mutation
 k - 3 potions of flight
 o - a potion of might
 r - a potion of heal wounds
Books
 b - a book of Changes

   Spells                             Type                      Level
   a - Beastly Appendage              Transmutation                1
   b - Sticks to Snakes               Transmutation                2
   c - Spider Form                    Transmutation/Poison         3
   d - Ice Form                       Ice/Transmutation            4
   e - Blade Hands                    Transmutation                5
 p - a book of Misfortune

   Spells                             Type                      Level
   a - Confusing Touch                Hexes                        1
   b - Confuse                        Hexes                        3
   c - Gell's Gravitas                Hexes/Translocation          3
   d - Petrify                        Transmutation/Earth          4
   e - Metabolic Englaciation         Hexes/Ice                    5
   f - Yara's Violent Unravelling     Hexes/Transmutation          5
 q - a book of Fire

   Spells                             Type                      Level
   a - Ignite Poison                  Fire/Transmutation/Poison    3
   b - Fireball                       Conjuration/Fire             5
   c - Bolt of Fire                   Conjuration/Fire             6
   d - Delayed Fireball               Conjuration/Fire             7
   e - Ring of Flames                 Charms/Fire                  7
Comestibles
 c - 3 meat rations
 s - a royal jelly
 t - 5 chunks of flesh


   Skills:
 - Level 5.6 Fighting
 - Level 7.7 Dodging
 - Level 18.1 Stealth
 * Level 14.1 Unarmed Combat
 + Level 3.1 Spellcasting
 + Level 3.5 Hexes
 + Level 3.7 Transmutations


You had 10 spell levels left.
You knew the following spells:

 Your Spells              Type           Power        Failure   Level  Hunger
a - Beastly Appendage     Tmut           ##....       4%          1    #......
b - Confusing Touch       Hex            ##....       6%          1    #......


Dungeon Overview and Level Annotations

Branches:
Dungeon (1/1)

Altars:
Cheibriados
Dithmenos
Elyvilon
Fedhas
Gozag
Hepliaklqana
Kikubaaqudgha
Makhleb
Nemelex Xobeh
Okawaru
Qazlal
Ru
Sif Muna
Trog
Uskayaw
Vehumet
Xom
Yredelemnul
Zin
The Shining One
Beogh
Jiyva
Lugonu

Annotations:
D Donald, Frances


Innate Abilities, Weirdness & Mutations

You cannot wear armour.
You are incapable of wielding weapons or throwing items.
Your paws allow you to move quietly. (Stealth)
You have sharp claws.
You have razor-sharp teeth.
You have supernaturally acute eyesight. (SInv)
You are carnivorous and can eat meat at any time.
You cover ground quickly.
You are covered in thick fur. (AC +2)
You have a slow metabolism.
Your sharp claws are effective at attacking unaware monsters.
You have a pair of small horns on your head.
You are partially covered in yellow scales. (AC +2)
You are agile. (Dex +2)
Your flesh is heat resistant. (rF+)
You are robust. (+10% HP)


Message History

You kill the floating eye!
Okawaru accepts your kill.
Your Spellcasting skill increases to level 3!
You are engulfed in dark miasma.
You are poisoned.
You feel your flesh rotting away!
You feel ill.
You feel yourself slow down.
You feel sick.
You are engulfed in dark miasma.
You are more poisoned.
You feel your flesh rotting away!
You feel very sick.
You see here 10 scrolls of identify.
You close the door.
You are engulfed in dark miasma.
You are more poisoned.
You feel as though you will be slow longer.
* * * LOW HITPOINT WARNING * * *
You feel extremely sick.
You hear a shout! x3
n - 11 scrolls of identify (gained 10)
You are engulfed in dark miasma.
You are more poisoned.
You feel your flesh rotting away!
You feel ill.
You die...

+(.^....#
#..†....#
##'########
#.(@§§§≈≈≈#
#..@#§≈§≈≈#
#...#§#≈§§##
#####.#
§§≈###§
P.###§≈≈§≈§
PP#@#c§§≈§
oPP#+###≈≈≈≈
.oP#§§§# § ≈
#####§§§#
+§§§+ #####


You could see a yaktaur (sleeping).

Vanquished Creatures
  Erolcha (D)
  A deep elf mage (D)
  A shadow (D)
  2 redbacks (D)
  A spatial vortex (D)
  2 hill giants (D)
  A floating eye (D)
  A necrophage (D)
  3 two-headed ogres (D)
  A water elemental (D)
  A jelly (D)
  A wizard (D)
  A necromancer (D)
  3 humans (D)
  A kobold demonologist (D)
  2 oozes (D)
  A phantom (D)
  2 rats (D)
26 creatures vanquished.

Vanquished Creatures (others)
  2 draconian scorchers (D)
  6 hellions (D)
  2 yaktaurs (D)
10 creatures vanquished.

Grand Total: 36 creatures vanquished

Notes
Turn   | Place    | Note
-------+----------+-------------------------------------------
     0 | D        | Groucho the Felid Transmuter began the quest for the Orb.
     0 | D        | Reached XP level 1. HP: 9/9 MP: 4/4
    12 | D        | Reached skill level 4 in Stealth
    43 | D        | Killed a yaktaur
    81 | D        | Killed a hellion
    89 | D        | Killed a hellion
    90 | D        | Killed a hellion
    90 | D        | Killed a hellion
   112 | D        | Killed a hellion
   146 | D        | Killed a hellion
   146 | D        | Killed a white draconian scorcher
   195 | D        | Killed a white draconian scorcher
   239 | D        | Reached skill level 5 in Stealth
   239 | D        | Reached XP level 2. HP: 12/12 MP: 6/6
   254 | D        | Reached skill level 6 in Stealth
   295 | D        | Reached skill level 8 in Stealth
   295 | D        | Reached XP level 3. HP: 15/15 MP: 7/7
   398 | D        | Killed a yaktaur
   904 | D        | Gained mutation: You are agile. (Dex +2) [potion of mutation]
   904 | D        | Gained mutation: You are robust. (+10% HP) [potion of mutation]
   905 | D        | Gained mutation: You are partially covered in yellow scales. (AC +2) [potion of mutation]
   905 | D        | Gained mutation: Your flesh is heat resistant. (rF+) [potion of mutation]
   905 | D        | Gained mutation: You have a pair of small horns on your head. [potion of mutation]
   929 | D        | Noticed a water elemental
   932 | D        | Killed a water elemental
   932 | D        | Reached skill level 10 in Stealth
   932 | D        | Reached skill level 5 in Unarmed Combat
   932 | D        | Reached XP level 4. HP: 20/20 MP: 8/8
   941 | D        | Found a hide-covered altar of Uskayaw.
   941 | D        | Found an iron altar of Okawaru.
   942 | D        | Found a roughly hewn altar of Beogh.
   942 | D        | Found a bloodstained altar of Trog.
   942 | D        | Noticed a human
   942 | D        | Noticed a human
   944 | D        | Killed a human
   944 | D        | Reached skill level 12 in Stealth
   944 | D        | Reached XP level 5. HP: 24/24 MP: 9/9
   945 | D        | Killed a human
   945 | D        | Reached skill level 14 in Stealth
   945 | D        | Gained mutation: You are covered in thick fur. (AC +2) [Felid growth]
   945 | D        | Reached XP level 6. HP: 27/27 MP: 10/10
   954 | D        | Became a worshipper of Warmaster Okawaru
   975 | D        | Found a radiant altar of Vehumet.
   976 | D        | Found a deep blue altar of Sif Muna.
   976 | D        | Found an ancient bone altar of Kikubaaqudgha.
   986 | D        | Learned a level 1 spell: Confusing Touch
   994 | D        | Found a glowing silver altar of Zin.
   995 | D        | Found a glowing golden altar of the Shining One.
   995 | D        | Found a white marble altar of Elyvilon.
   995 | D        | Noticed a deep elf mage
   997 | D        | Killed a deep elf mage
   997 | D        | Reached * piety under Okawaru
   997 | D        | Reached skill level 16 in Stealth
   997 | D        | Reached XP level 7. HP: 30/30 MP: 11/11
  1011 | D        | Found a shadowy altar of Dithmenos.
  1017 | D        | Found a basalt altar of Yredelemnul.
  1017 | D        | Found a sacrificial altar of Ru.
  1364 | D        | Noticed a shadow
  1366 | D        | Killed a shadow
  1366 | D        | Reached XP level 8. HP: 36/36 MP: 12/12
  1371 | D        | Reached skill level 17 in Stealth
  1474 | D        | Found a blossoming altar of Fedhas.
  1474 | D        | Found a stormy altar of Qazlal.
  1474 | D        | Found a snail-covered altar of Cheibriados.
  1474 | D        | Found a burning altar of Makhleb.
  1474 | D        | Found a shimmering altar of Xom.
  1475 | D        | Found a hazy altar of Hepliaklqana.
  1475 | D        | Found an opulent altar of Gozag.
  1475 | D        | Found a sparkling altar of Nemelex Xobeh.
  1475 | D        | Found a corrupted altar of Lugonu.
  1475 | D        | Found a viscous altar of Jiyva.
  1492 | D        | Reached ** piety under Okawaru
  1492 | D        | Reached skill level 5 in Dodging
  1537 | D        | Noticed Erolcha
  1542 | D        | Killed Erolcha
  1542 | D        | Reached skill level 5 in Fighting
  1542 | D        | Reached skill level 18 in Stealth
  1542 | D        | Reached XP level 9. HP: 28/44 MP: 9/13
  1545 | D        | Reached *** piety under Okawaru
  1673 | D        | Noticed Donald
  1673 | D        | Noticed Frances
  1680 | D        | Slain by Donald
  1681 | D        | Reached XP level 8. HP: -4/40 MP: 10/13
  1681 | D        | Noticed an orc high priest
  1681 | D        | Noticed an orc high priest
  1683 | D        | Mangled by Donald
  1684 | D        | Reached XP level 7. HP: -9/36 MP: 12/12
  1687 | D        | Noticed a yaktaur
  1691 | D        | Engulfed by a cloud of foul pestilence

Skill      XL: |  1  2  3  4  5  6  7  8  9 |
---------------+----------------------------+-----
Stealth        | 5 8 10 12 14 16 18 | 18.1
Unarmed Combat | 5 7 9 11 13 14 | 14.1
Fighting       | 2 5 |  5.6
Dodging        | 3 7 |  7.7
Hexes          | 3 |  3.5
Transmutations | 3 |  3.7
Spellcasting   | 3 |  3.1

Action                   |  1- 3 |  4- 6 |  7- 9 || total
-------------------------+-------+-------+-------++-------
Melee: Unarmed           |    33 |     5 |    40 ||    78
       Bite              |     4 |       |     4 ||     8
       Punch             |     1 |       |       ||     1
       Headbutt          |       |       |     4 ||     4
 Cast: Confusing Touch   |       |       |     8 ||     8
Invok: Heroism           |       |       |     7 ||     7
  Use: Potion            |     7 |       |       ||     7
 Stab: Sleeping          |     3 |     5 |     9 ||    17
       Confused          |       |       |     4 ||     4
  Eat: Chunk             |     2 |       |     7 ||     9
Armor: Skin              |     1 |       |       ||     1
Dodge: Dodged            |    15 |       |    17 ||    32
